 Dungeon Crawl Stone Soup version 0.31-a0-231-g51bb95cda3 (webtiles) character file.

Game seed: 15573654132957122423

21 qw the Shooter (level 2, 0/17 HPs)
             Began as a Gargoyle Hexslinger on July 6, 2023.
             Slain by Terence
             ... wielding a +0 mace
              (3 damage)
             ... on level 2 of the Dungeon.
             The game lasted 00:00:13 (517 turns).

qw the Shooter (Gargoyle Hexslinger)                 Turns: 517, Time: 00:00:13

Health: 0/17       AC:  7    Str: 11    XL:     2   Next: 83%
Magic:  3/3        EV: 10    Int: 13    God:
Gold:   37         SH:  0    Dex: 12    Spells: 2/3 levels left

rFire   . . .        Y - +1 sling
rCold   . . .        (no shield)
rNeg    + . .        i - +0 ring mail
rPois   inf          (no helmet)
rElec   +            (no cloak)
rCorr   .            (no gloves)
SInv    .            (no boots)
Will    .....        (no amulet)
Stlth   +            (no ring)
HPRegen 0.22/turn    (no ring)
MPRegen 0.08/turn

%: no passive effects
@: no status effects
A: sickness immunity, AC +2, negative energy resistance 1, electricity
resistance, torment resistance 1, petrification resistance
a: no special abilities


You were on level 2 of the Dungeon.
You visited 1 branch of the dungeon, and saw 2 of its levels.

You collected 37 gold pieces.


Innate Abilities, Weirdness & Mutations

You are immune to sickness and miasma.
Your stone body is resilient. (AC +2)
You are immune to poison.
You resist negative energy. (rN+)
You are resistant to electric shocks. (rElec)
You are resistant to unholy torment.
You are immune to petrification.


   Skills:
 + Level 1.7 Fighting
 - Level 3.0 Ranged Weapons
 - Level 1.5 Dodging
 - Level 1.0 Spellcasting
 - Level 2.6 Hexes


You had 2 spell levels left.
You knew the following spells:

 Your Spells              Type           Power      Damage    Failure   Level
a - Slow                  Hex            28%        N/A       22%         1

Your spell library contained the following spells:

 Spells                   Type           Power      Damage    Failure   Level
 Inner Flame              Hex/Fire       4%         N/A       75%         3
 Portal Projectile        Hex/Tloc       8%         N/A       75%         3
 Cause Fear               Hex            3%         N/A       92%         4

Inventory:

Hand Weapons
 Y - a +1 sling (weapon)
Armour
 i - a +0 ring mail (worn)
Jewellery
 a - the amulet of Astexi {RegenMP rC+ Int+3}
   (You found it on level 2 of the Dungeon)

   [amulet of magic regeneration]

   It increases your rate of magic regeneration.
   Int:       It affects your intelligence (+3).
   rC:        It protects you from cold.
Scrolls
 k - 2 scrolls of enchant armour
Potions
 d - a potion of heal wounds {unknown}
 h - a potion of mutation {unknown}
 j - a potion of haste {unknown}

Dungeon Overview and Level Annotations

Branches:
Dungeon (2/15)

Altars:

Annotations:
D:2 Terence


Message History

The ball python barely misses you. The giant cockroach barely misses you.
The ball python barely misses you. x2; The kobold hits you but does no damage.
You shoot a sling bullet.
The sling bullet hits the giant cockroach.
The giant cockroach is severely wounded.
The giant cockroach barely misses you. The ball python barely misses you.
The ball python grabs you. The ball python constricts you.
The kobold closely misses you. The giant cockroach barely misses you.
The ball python bites you but does no damage.
The ball python constricts you. The kobold barely misses you.
Terence barely misses you.
You shoot a sling bullet.
The sling bullet closely misses the ball python.
The giant cockroach bites you but does no damage.
The ball python bites you but does no damage.
The ball python constricts you. Terence hits you with a +0 mace.
The kobold barely misses you. The giant cockroach barely misses you.
The ball python bites you but does no damage.
The ball python constricts you.
You shoot a sling bullet. The sling bullet hits the ball python.
You kill the ball python!
The giant cockroach bites you but does no damage.
Terence barely misses you. The kobold barely misses you.
The giant cockroach bites you but does no damage.
Terence hits you but does no damage. The kobold hits you with a +0 club.
You shoot a sling bullet.
The sling bullet hits the giant cockroach.
The giant cockroach is almost dead.
The giant cockroach closely misses you. The kobold barely misses you.
Terence hits you with a +0 mace.
You shoot a sling bullet.
The sling bullet hits the giant cockroach.
You kill the giant cockroach!
The kobold hits you but does no damage. Terence hits you with a +0 mace!
Ouch! That really hurt!
You shoot a sling bullet.
The sling bullet hits Terence but does no damage.
You feel your willpower return. The kobold hits you but does no damage.
Terence hits you with a +0 mace.
You die...

.. ... .<.##########+#
...............
...............
...............
......@%.......
......K@%......
##...............
................
................
...................###+#
...................#
.........#..........
.........#.##########
.........#.#


You could see Terence and a kobold.

Vanquished Creatures
  2 ball pythons
  An endoplasm (D:1)
  4 giant cockroaches
  2 hobgoblins (D:1)
  3 bats (D:1)
  2 frilled lizards (D:1)
  2 goblins
  3 kobolds (D:1)
  2 rats (D:1)
21 creatures vanquished.

Notes
Turn   | Place    | Note
-------+----------+-------------------------------------------
     0 | D:1      | qw the Gargoyle Hexslinger began the quest for the Orb.
     0 | D:1      | Reached XP level 1. HP: 12/12 MP: 2/2
     0 | D:1      | 0 ||| qw: Version: 0.3-a-46-gb1f654a
     0 | D:1      | 0 ||| qw: Game counter: 1918
     0 | D:1      | 0 ||| qw: Melee chars always use a shield: true
     0 | D:1      | 0 ||| qw: God list: Okawaru
     0 | D:1      | 0 ||| qw: Allow faded altars: false
     0 | D:1      | 0 ||| qw: Do Orc after clearing Dungeon:15 true
     0 | D:1      | 0 ||| qw: Do second Lair branch before Depths: true
     0 | D:1      | 0 ||| qw: Lair rune preference: random
     0 | D:1      | 0 ||| qw: Goals: Normal
     0 | D:1      | 0 ||| PLANNING D:1-11
   126 | D:1      | Reached XP level 2. HP: 16/16 MP: 3/3
   274 | D:1      | Reached skill level 3 in Ranged Weapons
   451 | D:1      | 451 ||| UPGRADING to +0 leather armour.
   461 | D:1      | 461 ||| DROPPING +0 robe.
   462 | D:1      | 462 ||| UPGRADING to +0 ring mail.
   472 | D:1      | 472 ||| DROPPING +0 leather armour.
   473 | D:1      | 473 ||| READING scroll labelled SAR MYCEKUIDA.
   474 | D:1      | 474 ||| READING 2 scrolls labelled ZIADAV TUQAS.
   475 | D:1      | 475 ||| READING 3 scrolls labelled YRO NEESODAIKI.
   476 | D:1      | 476 ||| DROPPING scroll of poison.
   477 | D:1      | 477 ||| DROPPING scroll of fear.
   497 | D:2      | Identified the amulet of Astexi {RegenMP rC+ Int+3}
   508 | D:2      | Noticed Terence
   516 | D:2      | HP: 3/16 [Terence/+0 mace (8)]
   517 | D:2      | Slain by Terence

Levels and vault maps discovered:
D:1:      amcnicky_arrival_double_pillar, layout_basic
D:2:      layout_basic, uniq_sigmund, uniq_terence

Skill      XL: |  1  2 |
---------------+-------+-----
Ranged Weapons | 3 |  3.0
Fighting       | |  1.7
Dodging        | |  1.5
Spellcasting   | |  1.0
Hexes          | |  2.6

Action                     || total
---------------------------++-------
   Fire: Sling             ||    50
    Use: Scroll            ||     3
 Armour: Robe              ||     9
         Ring mail         ||    14
  Dodge: Dodged            ||    34

Table legend:
 A = Non-vault XP
 B = Vault XP
 C = Vault XP percentage of total XP
 D = Non-vault monster count
 E = Vault monster count
 F = Vault count percentage of total count
                 A         B        C        D         E       F
            +---------+---------+-------+---------+---------+-------
      Total |      30 |       0 |   0.0 |      21 |       0 |   0.0
            +---------+---------+-------+---------+---------+-------
        D:1 |      24 |       0 |   0.0 |      17 |       0 |   0.0
        D:2 |       6 |       0 |   0.0 |       4 |       0 |   0.0
            +---------+---------+-------+---------+---------+-------
